 Dungeon Crawl Stone Soup version 0.30.0-19-g36f170ea60 (webtiles) character file.

Game seed: 15357611855445432016

18855 Peloso the Carver (level 12, -3/112 HPs)
             Began as a Minotaur Fighter on June 1, 2023.
             Was a High Priest of Okawaru.
             Slain by a freezing wraith (4 damage)
             ... on level 2 of the Abyss.
             The game lasted 00:25:39 (13327 turns).

Peloso the Carver (Minotaur Fighter)               Turns: 13327, Time: 00:25:39

Health: -3/112     AC: 15    Str: 23    XL:     12   Next: 31%
Magic:  0/12       EV: 14    Int:  5    God:    Okawaru [*****.]
Gold:   778        SH:  6    Dex: 13    Spells: 11/11 levels left

rFire   . . .        a - +1 long sword (flame)
rCold   . . .        c - +0 buckler
rNeg    . . .        p - +4 ring mail of the Wild Haggis {Fly}
rPois   .            (helmet restricted)
rElec   .            z - +0 cloak
rCorr   .            v - +0 pair of gloves
SInv    +            w - +0 pair of boots
Will    .....        n - amulet of guardian spirit
Stlth   +            o - ring of see invisible
HPRegen 0.38/turn    (no ring)
MPRegen 0.13/turn

%: clarity, guardian spirit
@: flying, slowed, very slow
A: horns 2, retaliatory headbutt, fangs 1, clarity
a: Renounce Religion, Heroism, Finesse, Duel


You were on level 2 of the Abyss.
You worshipped Okawaru.
Okawaru was extremely pleased with you.
You visited 3 branches of the dungeon, and saw 13 of its levels.
You visited the Abyss 1 time.
You also visited: Sewer, Bailey and Volcano.

You collected 808 gold pieces.
You spent 30 gold pieces at shops.

Inventory:

Hand Weapons
 a - a +1 long sword of flaming (weapon)
 b - a +1 long sword of freezing
 d - the +4 glaive "Voupno" {drain, rF+}
   (You found it in a bailey)

   rF:        It protects you from fire.
 l - a +0 quick blade of protection
Missiles
 y - a throwing net (quivered)
Armour
 c - a +0 buckler (worn)
 p - the +4 ring mail of the Wild Haggis (worn) {Fly}
   (You found it on level 5 of the Dungeon)

   Fly:       It grants you flight.
 v - a +0 pair of gloves (worn)
 w - a +0 pair of boots (worn)
 z - a +0 cloak (worn)
Jewellery
 n - an amulet of guardian spirit (around neck)
 o - a ring of see invisible (left hand)
 q - a ring of wizardry
 B - a ring of wizardry
 D - a +5 ring of evasion
 J - a ring of flight
 M - an amulet of regeneration
Wands
 k - a wand of flame (6)
 x - a wand of digging (2)
 F - a wand of roots (10)
Scrolls
 f - 4 scrolls of blinking
 g - 2 scrolls of amnesia
 i - 3 scrolls of fear
 j - 4 scrolls of fog
 s - 3 scrolls of enchant weapon
 u - 4 scrolls of immolation
 A - a scroll of identify
 G - 2 scrolls of enchant armour
 K - 2 scrolls of teleportation
Potions
 e - 8 potions of curing
 h - 2 potions of brilliance
 m - 5 potions of heal wounds
 r - a potion of mutation
 t - 4 potions of invisibility
 H - a potion of resistance
 L - a potion of magic
 N - a potion of berserk rage
Miscellaneous
 I - a condenser vane


   Skills:
 + Level 12.0 Fighting
 + Level 14.4 Long Blades
 + Level 10.1 Armour
 + Level 8.5 Dodging
 + Level 1.5 Stealth
 + Level 9.5 Shields
 + Level 2.1 Invocations


You had 11 spell levels left.
You didn't know any spells.
Your spell library contained the following spells:

 Spells                   Type           Power      Damage    Failure   Level
 Apportation              Tloc           0%         N/A       65%         1
 Necrotise                Necr           0%         1d4       65%         1
 Sting                    Tmut/Pois      0%         1d3       65%         1
 Scorch                   Fire           0%         2d5       80%         2
 Sublimation of Blood     Necr           0%         N/A       80%         2
 Ozocubu's Armour         Ice            0%         N/A       95%         3
 Volatile Blastmotes      Fire/Tloc      0%         2d10      95%         3
 Flame Wave               Conj/Fire      0%         2d4       100%        4
 Petrify                  Tmut/Erth      0%         N/A       100%        4
 Blade Hands              Tmut           0%         N/A       100%        5
 Irradiate                Conj/Tmut      0%         3d11      100%        5
 Metabolic Englaciation   Hex/Ice        0%         N/A       100%        5
 Iron Shot                Conj/Erth      0%         9d1       100%        6
 Starburst                Conj/Fire      0%         6d3       100%        6
 Summon Small Mammal      Summ           Unusable   N/A       N/A         1
 Animate Armour           Summ/Erth      Unusable   N/A       N/A         4
 Simulacrum               Ice/Necr       Unusable   N/A       N/A         6
 Summon Cactus Giant      Summ           Unusable   N/A       N/A         6

Dungeon Overview and Level Annotations

Branches:
Dungeon (11/15)            Temple (1/1) D:4            Lair (1/5) D:8
    Orc (0/2) D:11          Sewer (visited)          Bailey (visited)
Volcano (visited)

Altars:
Ashenzari
Cheibriados
Dithmenos
Elyvilon
Fedhas
Gozag
Hepliaklqana
Kikubaaqudgha
Makhleb
Nemelex Xobeh
Okawaru
Qazlal
Ru
Sif Muna
Trog
Uskayaw
Vehumet
Wu Jian
Xom
Yredelemnul
Zin
The Shining One

Shops:
D:3 !

Annotations:
D:6 2 transporters, CaptainMV's ghost, weakling DrWn
D:7 2 transporters, Frosty's ghost, novice GnCj
D:10 exclusion: oklob plant


Innate Abilities, Weirdness & Mutations

You have a pair of horns on your head.
You reflexively headbutt those who attack you in melee.
You have very sharp teeth.
You possess an exceptional clarity of mind.


Message History

The rakshasa weaves an illusion.
The freezing wraith shimmers and seems to become two!
A large abomination comes into view.
You closely miss the freezing wraith.
You bite the freezing wraith, but do no damage.
The freezing wraith is heavily damaged.
The rakshasa blinks!
The freezing wraith hits you but does no damage.
The freezing wraith hits you. The freezing wraith drains your vigour!
You feel as though you will be slow longer.
You hit the freezing wraith but do no damage.
The freezing wraith is heavily damaged.
The freezing wraith hits you but does no damage.
The freezing wraith closely misses you. x3
Unknown command.
You hit the freezing wraith but do no damage.
Your headbutt misses the freezing wraith.
The freezing wraith is heavily damaged.
The freezing wraith barely misses you. You block the freezing wraith's attack.
The freezing wraith hits you! The freezing wraith freezes you!
The freezing wraith closely misses you. The freezing wraith hits you.
The freezing wraith freezes you!!
* * * LOW HITPOINT WARNING * * *
The freezing wraith hits you but does no damage.
The freezing wraith barely misses you. The freezing wraith hits you!
* * * LOW HITPOINT WARNING * * *
The freezing wraith drains your vigour!
You feel as though you will be slow longer.
You barely miss the freezing wraith.
The freezing wraith is heavily damaged.
The freezing wraith hits you.
* * * LOW HITPOINT WARNING * * *
The freezing wraith freezes you!
* * * LOW HITPOINT WARNING * * *
The freezing wraith hits you but does no damage. x2
You block the freezing wraith's attack.
You hit the freezing wraith. You burn the freezing wraith.
The freezing wraith is almost destroyed.
The freezing wraith hits you.
You die...

#.#.. .. ##
...### . .. . .#
.# #.# # .##.#
#.####.#.####
#.##...#.......#
#.........#
.#... #XW#.###
#.# #§#W@#..# .#
§#..#.....# #..#
..#### ### ....
..#.# #....#
.#.#.# ... #.


You could see a large abomination and 2 freezing wraiths.

Vanquished Creatures
  5 two-headed ogres
  Erica (D:9)
  Pikel (D:8)
  A lindwurm (Lair:1)
  A manticore (D:11)
  An ugly thing (D:9)
  2 cyclopes (D:11)
  Maurice (D:11)
  Maggie (D:8)
  A gargoyle (D:11)
  2 trolls
  Prince Ribbit (D:5)
  5 spriggans (Bailey)
  Sigmund (D:2)
  A wyvern (D:11)
  25 yaks
  Grum (D:9)
  A steam dragon (Bailey)
  2 vampire mosquitoes (D:10)
  3 wargs (D:7)
  A water moccasin (D:6)
  7 orc warriors
  2 ice beasts (D:7)
  3 black bears
  8 ogres
  2 wolves (D:9)
  4 centaurs
  2 lemures (D:8)
  3 phantoms
  4 kobold brigands
  6 bullfrogs
  A gnoll sergeant (D:6)
  4 scorpions
  21 killer bees
  2 vampire bats (D:5)
  2 hounds
  10 orc priests
  4 jellies
  A gnoll bouda (D:7)
  Crazy Yiuf (D:6)
  A sleepcap (D:4)
  Jessica (D:2)
  5 iguanas
  13 orc wizards
  11 gnolls
  8 adders
  3 white imps
  2 worms
  A dart slug (D:3)
  53 orcs
  11 ball pythons
  11 endoplasms
  12 giant cockroaches
  8 goblins
  10 hobgoblins
  14 kobolds
  11 quokkas
  8 bats
  6 frilled lizards (Sewer)
  4 rats
338 creatures vanquished.

Notes
Turn   | Place    | Note
-------+----------+-------------------------------------------
     0 | D:1      | Peloso the Minotaur Fighter began the quest for the Orb.
     0 | D:1      | Reached XP level 1. HP: 19/19 MP: 0/0
    97 | D:1      | Gained mutation: You have very sharp teeth. [potion of
                  | mutation]
    97 | D:1      | Gained mutation: You possess an exceptional clarity of
                  | mind. [potion of mutation]
   108 | D:1      | Reached XP level 2. HP: 25/27 MP: 1/1
   253 | D:1      | Found a faded altar of an unknown god.
   534 | D:2      | Reached XP level 3. HP: 29/33 MP: 2/2
   674 | D:2      | Noticed Sigmund
   685 | D:2      | Killed Sigmund
   686 | D:2      | Reached skill level 4 in Long Blades
   686 | D:2      | Reached skill level 1 in Dodging
   686 | D:2      | Reached XP level 4. HP: 40/41 MP: 3/3
   686 | D:2      | Reached XP level 5. HP: 46/47 MP: 4/4
   706 | D:2      | Reached skill level 5 in Armour
  1106 | D:2      | Noticed Jessica
  1108 | D:2      | Killed Jessica
  1355 | D:3      | Found Soxentui's Distillery.
  1396 | D:3      | Bought a potion of curing for 30 gold pieces
  1420 | D:3      | Got Ano Meo's Compendium of the Black Widow and Lava
  1440 | D:3      | Reached skill level 5 in Fighting
  1440 | D:3      | Reached XP level 6. HP: 38/56 MP: 5/5
  1443 | D:3      | Reached skill level 5 in Shields
  1811 | D:3      | Found a burning altar of Makhleb.
  1811 | D:3      | Noticed a balrug
  1832 | D:3      | Reached skill level 5 in Long Blades
  2217 | D:4      | Found a glowing drain.
  2233 | Sewer    | Entered a sewer
  2537 | Sewer    | Reached XP level 7. HP: 51/61 MP: 6/6
  2609 | D:4      | Found a staircase to the Ecumenical Temple.
  2850 | D:4      | Reached skill level 6 in Long Blades
  2918 | Temple   | Entered the Ecumenical Temple
  2927 | Temple   | Became a worshipper of Warmaster Okawaru
  3378 | D:5      | Entered Level 5 of the Dungeon
  3397 | D:5      | Identified the +4 ring mail of the Wild Haggis {Fly}
  3525 | D:5      | Found a hide-covered altar of Uskayaw.
  3564 | D:5      | Reached * piety under Okawaru
  3565 | D:5      | Reached skill level 7 in Long Blades
  3565 | D:5      | Reached XP level 8. HP: 69/69 MP: 7/7
  3596 | D:5      | Noticed Prince Ribbit
  4361 | D:5      | Reached skill level 8 in Long Blades
  4836 | D:5      | Killed Prince Ribbit
  4836 | D:5      | Reached ** piety under Okawaru
  5251 | D:6      | Reached XP level 9. HP: 74/78 MP: 6/8
  5398 | D:6      | Reached skill level 9 in Long Blades
  5775 | D:6      | Found a transporter.
  5778 | D:6      | Noticed CaptainMV's ghost (weakling DrWn)
  5792 | D:6      | Found a transporter.
  6123 | D:6      | Found a runed translucent door.
  6124 | D:6      | Noticed Crazy Yiuf
  6211 | D:6      | Killed Crazy Yiuf
  6212 | D:6      | Reached skill level 10 in Long Blades
  6394 | D:7      | Found a sparkling altar of Nemelex Xobeh.
  6413 | D:7      | Found a flagged portal.
  6431 | D:7      | Reached *** piety under Okawaru
  6440 | Bailey   | Entered a bailey
  6856 | Bailey   | Reached skill level 11 in Long Blades
  6957 | Bailey   | Reached XP level 10. HP: 88/89 MP: 5/9
  7031 | Bailey   | Reached skill level 5 in Dodging
  7171 | Bailey   | Noticed a two-headed ogre
  7319 | Bailey   | Killed a two-headed ogre
  7320 | Bailey   | Reached skill level 1 in Invocations
  7323 | Bailey   | Identified the +4 glaive "Voupno" {drain, rF+}
  7502 | D:7      | Found a transporter.
  7502 | D:7      | Noticed Frosty's ghost (novice GnCj)
  7547 | D:7      | Found a transporter.
  8283 | D:8      | Reached skill level 1 in Stealth
  8291 | D:8      | Found a staircase to the Lair.
  8371 | D:8      | Noticed Pikel
  8614 | D:8      | Reached **** piety under Okawaru
  8757 | D:8      | Noticed Maggie
  8769 | D:8      | Killed Maggie
  8806 | D:8      | Killed Pikel
  9254 | D:9      | Noticed Grum
  9262 | D:9      | Reached skill level 12 in Long Blades
  9274 | D:9      | Killed Grum
  9362 | D:9      | Reached XP level 11. HP: 65/99 MP: 6/10
  9390 | D:9      | Reached ***** piety under Okawaru
  9392 | D:9      | Noticed a green ugly thing
  9410 | D:9      | Killed a green ugly thing
  9411 | D:9      | Reached skill level 10 in Fighting
  9648 | D:9      | You are sucked into a shaft and drop 2 floors!
  9846 | D:11     | Noticed a two-headed ogre
  9853 | D:11     | Killed a two-headed ogre
 10044 | D:10     | Entered Level 10 of the Dungeon
 10284 | D:10     | Noticed a two-headed ogre
 10293 | D:10     | Killed a two-headed ogre
 10293 | D:10     | Received a gift from Okawaru
 10294 | D:10     | Reached skill level 13 in Long Blades
 10312 | D:10     | Found an ornate altar of the Wu Jian Council.
 10373 | D:10     | Noticed a two-headed ogre
 10373 | D:10     | Noticed a two-headed ogre
 10385 | D:10     | Killed a two-headed ogre
 10393 | D:10     | Killed a two-headed ogre
 10538 | D:10     | Reached skill level 10 in Armour
 11157 | D:10     | Found a blossoming altar of Fedhas.
 11192 | D:10     | Noticed an oklob plant
 11408 | D:9      | Noticed Erica
 11421 | D:9      | Killed Erica
 11422 | D:9      | Reached XP level 12. HP: 92/110 MP: 9/12
 12100 | D:11     | Reached skill level 14 in Long Blades
 12152 | D:11     | Found a staircase to the Orcish Mines.
 12719 | D:11     | Noticed Maurice
 12728 | D:11     | Killed Maurice
 13216 | Lair:1   | Entered Level 1 of the Lair of Beasts
 13269 | Lair:1   | Found a dark tunnel.
 13282 | Volcano  | Entered a volcano
 13292 | Abyss:2  | Cast into level 2 of the Abyss (a wizard)
 13317 | Abyss:2  | Noticed a rakshasa
 13326 | Abyss:2  | HP: 1/112 [freezing wraith (10)]
 13327 | Abyss:2  | Slain by a freezing wraith

Illustrated notes

Levels and vault maps discovered:
D:1:      amcnicky_arrival_feature_with_door, layout_rooms,
          ebering_ecumenical_altar_rust
D:2:      layout_loops_ring, roderic_lattice_a, uniq_jessica, uniq_sigmund
D:3:      layout_basic, makhleb_altar_promises_db, serial_shops, shop
D:4:      layout_loops_ring, temple_statues, cheibrodos_sewer_entry_drain
D:5:      layout_layer_cave, nicolae_uskayaw_dance_hall,
          minmay_misc_feat_more_columns, minmay_misc_feat_iff, roderic_batcave,
          reono_crystal_passage, uniq_prince_ribbit1
D:6:      layout_basic, gammafunk_ghost_stat_death, uniq_crazy_yiuf_cottage
D:7:      layout_basic, mainiacjoe_overflow_brackets, enter_bailey_5,
          gammafunk_ghost_arena
D:8:      layout_cave_pools, erik_lair_orcish_takeover, serial_bayou_pond_a,
          uniq_maggie, uniq_pikel
D:9:      layout_loops_ring, st_stairs_14, minmay_misc_feat_doors, uniq_erica,
          uniq_grum
D:10:     layout_roguey, tgw_fedhas, amcnicky_altar_gilded
D:11:     layout_stronghold, david_orc_5, kennysheep_small_circle, uniq_maurice
Temple:   sentei_temple_godly_chess
Lair:1:   gammafunk_lair_enchanted_lake, layout_regular_city,
          nicolae_volcano_entry_vermiform, serial_bayou_lagoon_b,
          infiniplex_staircase_pool
Abyss:2:  base: D:2, hangedman_elemental_corridor
Volcano:  volcano_bunker

Skill      XL: |  1  2  3  4  5  6  7  8  9 10 11 12 |
---------------+-------------------------------------+-----
Shields        | 4 5 6 7 8 9 |  9.5
Armour         | 4 5 6 7 9 10 | 10.1
Fighting       | 4 5 6 8 9 11 12 | 12.0
Long Blades    | 4 5 7 8 11 12 13 14 | 14.4
Dodging        | 1 2 3 4 6 8 |  8.5
Invocations    | 1 2 |  2.1
Stealth        | 1 |  1.5

Action                     |  1- 3 |  4- 6 |  7- 9 | 10-12 || total
---------------------------+-------+-------+-------+-------++-------
  Melee: Long sword        |    50 |   151 |   343 |   630 ||  1174
         Headbutt          |     9 |    32 |    64 |   152 ||   257
         Bite              |     3 |    12 |    43 |    72 ||   130
 Invoke: Heroism           |       |       |     6 |    13 ||    19
    Use: Potion            |     4 |       |     5 |     2 ||    11
         Scroll            |       |       |     9 |    11 ||    20
 Armour: Scale mail        |    39 |    52 |    15 |       ||   106
         Ring mail         |       |       |   105 |   177 ||   282
  Dodge: Dodged            |    47 |    66 |   196 |   277 ||   586
  Block: Buckler           |    16 |    48 |    96 |   158 ||   318
